 Dungeon Sprint DCSS version 0.30-a0-1085-g990a428a5c (webtiles) character file.

Game seed: 17309752868700288604

20 rocky1 the Stinger (level 2, -1/15 HPs)
             Began as a Deep Elf Venom Mage on Apr 17, 2023.
             Was a Believer of Sif Muna.
             Slain by Grinder (8 damage)
             ... in the Dungeon (Sprint VII: "The Pits").
             The game lasted 00:01:04 (346 turns).

rocky1 the Stinger (Deep Elf Venom Mage)             Turns: 346, Time: 00:01:04

Health: -1/15      AC:  2    Str:  5    XL:     2   Next: 58%
Magic:  3/9        EV: 13    Int: 19    God:    Sif Muna [**....]
Gold:   0          SH:  0    Dex: 15    Spells: 8/9 levels left

rFire   . . .      SeeInvis .    (no weapon)
rCold   . . .      Faith    .    (no shield)
rNeg    . . .      Spirit   .    a - +0 robe
rPois   .          Reflect  .    (no helmet)
rElec   .          Rampage  .    (no cloak)
rCorr   .          NoTele   +    (no gloves)
Will    .....                    (no boots)
Stlth   ++                       (no amulet)
HPRegen 0.22/turn                (no ring)
MPRegen 0.11/turn                (no ring)

@: no status effects
A: no striking features
a: Renounce Religion, Channel Magic


You were in the Dungeon.
You worshipped Sif Muna.
Sif Muna was pleased with you.
You visited 1 branch

Inventory:

Armour
 a - a +0 robe (worn)
Scrolls
 g - a scroll of blinking
 i - 5 scrolls of amnesia
 j - a scroll of summoning
Potions
 b - 5 potions of magic
 c - a potion of curing
 d - a potion of heal wounds
 e - a potion of haste
 f - 3 potions of berserk rage
 h - 2 potions of invisibility


   Skills:
 + Level 3.5 Dodging
 - Level 2.9 Stealth
 + Level 4.4 Spellcasting
 - Level 1.3 Transmutations
 + Level 5.0 Poison Magic
 + Level 1.5 Invocations


You had 8 spell levels left.
You knew the following spells:

 Your Spells              Type           Power      Damage    Failure   Level
a - Sting                 Tmut/Pois      64%        1d6       3%          1

Your spell library contained the following spells:

 Spells                   Type           Power      Damage    Failure   Level
 Poisonous Vapours        Pois/Air       26%        N/A       7%          2
 Olgreb's Toxic Radiance  Pois           23%        N/A       17%         4
 Mephitic Cloud           Conj/Pois/Air  10%        N/A       21%         3


Dungeon Overview and Level Annotations

Branches:
Dungeon (1/1)

Altars:
Ashenzari
Cheibriados
Dithmenos
Elyvilon
Fedhas
Gozag
Hepliaklqana
Kikubaaqudgha
Makhleb
Nemelex Xobeh
Okawaru
Qazlal
Ru
Sif Muna
Trog
Uskayaw
Vehumet
Wu Jian
Xom
Yredelemnul
Zin
The Shining One
Jiyva
Lugonu

Annotations:
D Grinder


Message History

A jackal comes into view.
The jackal barely misses you. The jackal barely misses you.
Grinder says, "My boss said I was rubbish.
His entrails said otherwise."
The jackal bites you.
There is an open door here.
Aiming: Sting (safe; 3% risk of failure)
Press: ? - help, Q - select action, (/) - cycle Shift-Dir - straight line, f - jackal
Aim: a jackal (almost dead, very poisoned, 67% to hit)
The sting hits the jackal.
The jackal looks even sicker.
You kill the jackal!
Sif Muna accepts your kill.
The jackal barks!
Your Poison Magic skill increases to level 5!
The ufetubus attacks as you move away! The ufetubus hits you. x2
The ufetubus barely misses you.
The ufetubus hits you but does no damage.
Aiming: Sting (safe; 3% risk of failure)
Press: ? - help, Q - select action, (/) - cycle Shift-Dir - straight line, f - ufetubus
Aim: an ufetubus (57% to hit)
The sting hits the ufetubus but does no damage.
The ufetubus is poisoned.
The ufetubus barely misses you. The ufetubus closely misses you.
Grinder says, "DUCK!"
The ufetubus barely misses you. x2
Aiming: Sting (safe; 3% risk of failure)
Press: ? - help, Q - select action, (/) - cycle Shift-Dir - straight line, f/p - ufetubus
Aim: an ufetubus (poisoned, 57% to hit)
The sting hits the ufetubus but does no damage.
The ufetubus looks even sicker.
The ufetubus barely misses you. x2
Aiming: Sting (safe; 3% risk of failure)
Press: ? - help, Q - select action, (/) - cycle Shift-Dir - straight line, f - Grinder, p - ufetubus
Aim: Grinder (moderately wounded, poisoned, 71% to hit)
The sting misses Grinder.
Grinder looks more healthy.
The ufetubus hits you.
The ufetubus hits you but does no damage.
Grinder hits you!
Ouch! That really hurt!
You die...

_________.#
_______...###########++
##########'##...........
#.?(.')))'.##......#..#.
##########.##...........
#...........'...........
#+#####)#####......#..#.
#..#5.#†.##...........
#.hZ5@'..#####'#####++
##'####+###.......# #...
#.......# #.h.h
#.......# #####+
#...<...# #.......#
#.......# #.......#
#########


You could see Grinder, an ufetubus (very poisoned), a jackal and an adder
skeleton.

Vanquished Creatures
  A river rat (D)
  An ufetubus (D)
  An orc (D)
  A jackal (D)
  A ball python skeleton (D)
  2 rats (D)
7 creatures vanquished.

Notes
Turn   | Place    | Note
-------+----------+-------------------------------------------
     0 | D        | rocky1 the Deep Elf Venom Mage began the quest for the Orb.
     0 | D        | Reached XP level 1. HP: 10/10 MP: 6/6
    20 | D        | Reached skill level 4 in Poison Magic
    20 | D        | Reached XP level 2. HP: 3/15 MP: 3/8
   188 | D        | Found a bloodstained altar of Trog.
   188 | D        | Found a shimmering blue altar of Sif Muna.
   188 | D        | Found a viscous altar of Jiyva.
   188 | D        | Found a hazy altar of Hepliaklqana.
   188 | D        | Found an opulent altar of Gozag.
   211 | D        | Found a glowing golden altar of the Shining One.
   211 | D        | Found a glowing silver altar of Zin.
   211 | D        | Found a basalt altar of Yredelemnul.
   211 | D        | Found a shimmering altar of Xom.
   211 | D        | Found an ornate altar of the Wu Jian Council.
   211 | D        | Found a sacrificial altar of Ru.
   211 | D        | Found a stormy altar of Qazlal.
   211 | D        | Found an iron altar of Okawaru.
   211 | D        | Found a sparkling altar of Nemelex Xobeh.
   211 | D        | Found a burning altar of Makhleb.
   211 | D        | Found a blossoming altar of Fedhas.
   211 | D        | Found a white marble altar of Elyvilon.
   211 | D        | Found a shadowy altar of Dithmenos.
   211 | D        | Found a snail-covered altar of Cheibriados.
   214 | D        | Found a corrupted altar of Lugonu.
   214 | D        | Found a radiant altar of Vehumet.
   215 | D        | Found an ancient bone altar of Kikubaaqudgha.
   215 | D        | Found a hide-covered altar of Uskayaw.
   215 | D        | Found a broken altar of Ashenzari.
   216 | D        | Became a worshipper of Sif Muna the Loreminder
   269 | D        | Reached * piety under Sif Muna
   290 | D        | Reached skill level 1 in Invocations
   336 | D        | Noticed Grinder
   341 | D        | Reached ** piety under Sif Muna
   342 | D        | Reached skill level 5 in Poison Magic
   346 | D        | Slain by Grinder

Illustrated notes

Levels and vault maps discovered:
D:        pitsprint [storerooms_1, entrance_room_1, metal_vault_3, armoury_2,
          mini_pit_1, grid_room_1, main_hall_1, silver_pit, the_coven_3,
          the_vestibule_1, steel_vault_1, golden_pit, hallway_of_sentries,
          crystal_vault_6, iron_vault_1, final_vault]

Skill      XL: |  1  2 |
---------------+-------+-----
Poison Magic   | 4 5 |  5.0
Dodging        | 3 |  3.5
Spellcasting   | 4 |  4.4
Invocations    | 1 |  1.5
Stealth        | |  2.9
Transmutations | |  1.3

Action                     || total
---------------------------++-------
  Melee: Unarmed           ||     1
   Cast: Sting             ||    19
 Armour: Robe              ||     2
  Dodge: Dodged            ||    15

Table legend: (Time is in decaauts)
 A = Elapsed time spent in this place.
 B = Non-inter-level travel time spent in this place.
 C = Inter-level travel time spent in this place.
 D = Time resting spent in this place.
 E = Time spent auto-exploring this place.
 F = Levels seen in this place.
 G = Mean time per level.
                   A        B        C        D        E       F      G
               +--------+--------+--------+--------+--------+-----+--------+
         Total |    346 |    346 |      0 |    243 |      0 |   1 |  346.0 |
       Dungeon |    346 |    346 |      0 |    243 |      0 |   1 |  346.0 |
               +--------+--------+--------+--------+--------+-----+--------+

Top non-repeatable levels by time:
       D: 346 daAuts
